Map: Desvio para o Azul LE

Players

punisher - Winner!

  • Race: Terran Terran
  • League: Gold
  • Spawn Location: 1:00

Vicster

  • Race: Terran Terran
  • Spawn Location: 7:00

VOD

Have the link to the VOD?

Description

Time

  • Played on: Jan. 8, 2019, 2:01 p.m.
  • Length: 19:06
Show
View Real Time Build Order
Export as new Build Order

punisher Terran - Winner!

Build Orders: Gas First Reaper Expand 

Get SALT Encoding   

  12  0:10  SCV  
  13  0:22  SCV  
  13  0:27  Supply Depot  
  14  0:33  Refinery  
  14  0:34  SCV  
  15  0:48  SCV  
  15  0:49  Barracks  
  16  1:00  SCV  
  17  1:12  SCV  
  18  1:24  SCV  
  19  1:36  Reaper  
  20  1:42  Command Center  
  20  1:55  Factory  
  20  1:58  Refinery  
  20  2:01  Orbital Command  
  20  2:20  Barracks Reactor  
  20  2:29  SCV  
  21  2:41  SCV  
  22  2:53  SCV  
  23  3:12  Marine  
  24  3:13  Marine  
  24  3:14  Widow Mine  
  24  3:16  SCV  
  24  3:18  Factory  
  28  3:24  SCV  
  29  3:28  SCV  
  29  3:32  Marine x2, Refinery  
  29  3:33  Refinery  
  32  3:36  SCV  
  34  3:46  Armory  
  34  3:48  SCV  
  34  3:52  Orbital Command  
  34  3:59  Factory Tech Lab  
  34  4:01  SCV  
  35  4:07  Factory Tech Lab  
  35  4:08  Factory  
  35  4:11  Marine  
  35  4:12  Marine  
  35  4:13  SCV  
  38  4:27  Supply Depot  
  38  4:32  SCV  
  38  4:33  Armory, SCV  
  43  4:38  Cyclone  
  43  4:44  SCV  
  45  4:45  SCV  
  45  4:49  Cyclone  
  45  4:50  Supply Depot  
  48  4:55  Terran Vehicle Weapons Level 1  
  48  4:57  SCV  
  48  4:58  Factory Tech Lab  
  49  5:02  SCV  
  50  5:09  SCV  
  50  5:13  Mag-Field Accelerator  
  50  5:14  SCV  
  52  5:21  SCV  
  53  5:26  SCV  
  54  5:30  Cyclone  
  54  5:32  Cyclone  
  54  5:33  SCV  
  61  5:37  Terran Vehicle And Ship Armor Level 1  
  61  5:38  SCV  
  62  5:42  Supply Depot  
  62  5:48  Supply Depot  
  62  6:03  Command Center  
  62  6:04  SCV  
  62  6:08  Marine x2  
  65  6:13  Cyclone x2  
  71  6:21  SCV  
  72  6:27  Cyclone  
  72  6:28  Marine  
  72  6:29  Marine  
  72  6:32  Supply Depot  
  77  6:33  SCV  
  77  6:38  Supply Depot  
  77  6:51  Terran Vehicle Weapons Level 2  
  77  6:54  Cyclone x2  
  83  6:57  Supply Depot  
  83  7:00  Supply Depot  
  80  7:38  Cyclone  
  80  7:40  Cyclone x2  
  89  7:57  Starport  
  89  8:00  Terran Vehicle And Ship Armor Level 2  
  89  8:06  SCV  
  89  8:10  Cyclone  
  89  8:12  SCV, Cyclone x2  
  100  8:13  SCV  
  100  8:18  SCV  
  102  8:24  SCV  
  102  8:25  SCV  
  103  8:33  Starport Tech Lab  
  103  8:36  Starport  
  103  8:38  SCV  
  104  8:42  Cyclone  
  104  8:45  Cyclone  
  104  8:46  Orbital Command  
  110  8:50  SCV  
  110  8:51  Refinery  
  110  8:55  Refinery  
  111  9:05  Command Center  
  111  9:11  Cloaking Field  
  111  9:12  Starport Tech Lab, Starport  
  111  9:18  Cyclone x2  
  71  9:50  Starport Tech Lab  
  77  9:52  Siege Tank x2  
  77  9:53  Siege Tank  
  80  10:11  Banshee x3  
  89  10:18  Hyperflight Rotors  
  89  10:20  Refinery  
  89  10:24  Siege Tank x2  
  89  10:25  SCV  
  89  10:26  SCV x2  
  98  10:29  SCV  
  99  10:41  SCV  
  100  10:46  Refinery  
  100  10:48  Fusion Core  
  100  10:49  Terran Vehicle And Ship Armor Level 3  
  100  10:54  SCV  
  101  11:03  SCV x3  
  104  11:06  SCV  
  104  11:08  Terran Vehicle Weapons Level 3  
  104  11:11  Banshee x2  
  111  11:20  Siege Tank x2  
  117  11:31  SCV  
  118  11:47  Siege Tank  
  118  11:52  Weapon Refit  
  121  11:55  Battlecruiser  
  127  12:04  Battlecruiser  
  133  12:26  Command Center  
  89  13:27  Battlecruiser x2  
  89  13:28  Battlecruiser  
  98  14:01  Siege Tank  
  98  14:02  Siege Tank x2  
  86  14:32  Battlecruiser  
  86  14:33  Cyclone  
  86  14:34  Cyclone x2  
  86  15:01  Battlecruiser  
  86  15:02  Battlecruiser  
  86  15:05  Cyclone  
  86  15:06  Cyclone x2  
  78  15:36  Battlecruiser  
  78  15:38  Cyclone x2  
  83  16:02  Command Center  
  83  16:06  Cyclone  
  83  16:09  Battlecruiser  
  83  16:10  Cyclone  
  95  16:39  Cyclone x2  
  101  16:55  Command Center  
  77  17:36  Battlecruiser  
  76  18:02  Cyclone x2  
Show
View Real Time Build Order
Export as new Build Order

Vicster Terran 

Build Orders: Mech 

Get SALT Encoding   

  12  0:01  SCV  
  13  0:13  SCV  
  14  0:17  Supply Depot  
  14  0:25  SCV  
  15  0:39  SCV  
  15  0:42  Barracks  
  16  0:51  Refinery, SCV  
  17  1:03  SCV  
  18  1:15  SCV  
  19  1:29  Orbital Command  
  19  1:40  Command Center  
  19  1:56  Marine, Factory  
  19  1:58  SCV  
  21  2:01  Refinery  
  21  2:10  SCV  
  21  2:14  Barracks Tech Lab  
  22  2:22  SCV  
  22  2:34  SCV  
  23  2:44  Supply Depot  
  23  2:51  Orbital Command  
  23  2:52  SCV, Siege Tank  
  23  2:56  Bunker  
  25  3:17  SCV  
  26  3:23  Command Center  
  26  3:32  Siege Tank  
  29  3:38  Supply Depot  
  29  3:43  SCV x2  
  31  3:55  SCV  
  32  3:59  SCV  
  33  4:04  Siege Tank  
  33  4:07  SCV  
  33  4:08  Engineering Bay  
  37  4:11  SCV  
  38  4:19  SCV  
  38  4:22  Armory  
  38  4:23  SCV  
  40  4:31  SCV  
  40  4:36  Siege Tank  
  40  4:37  Factory  
  44  4:41  Orbital Command  
  44  4:45  Supply Depot  
  44  4:55  Supply Depot  
  44  4:57  SCV  
  45  5:03  Missile Turret  
  45  5:04  SCV  
  45  5:05  Missile Turret  
  46  5:07  SCV  
  46  5:09  SCV  
  48  5:17  SCV  
  48  5:20  SCV  
  48  5:21  Missile Turret, SCV  
  51  5:25  Refinery  
  51  5:28  Refinery  
  51  5:29  SCV  
  51  5:31  Factory Tech Lab  
  51  5:32  SCV  
  51  5:33  SCV  
  51  5:34  Factory  
  54  5:41  SCV  
  55  5:43  Terran Vehicle Weapons Level 1  
  55  5:44  SCV  
  56  5:53  SCV  
  56  5:54  Thor  
  56  5:56  SCV  
  64  6:03  SCV  
  65  6:09  Orbital Command  
  65  6:21  Thor  
  65  6:22  Factory Tech Lab  
  71  6:27  Factory  
  71  6:29  SCV  
  71  6:31  SCV  
  71  6:32  Command Center  
  73  6:40  SCV  
  73  6:41  SCV  
  73  6:43  SCV  
  76  6:49  Thor  
  76  6:52  SCV  
  76  6:54  SCV  
  84  6:56  SCV  
  85  7:10  Refinery  
  85  7:15  SCV, Orbital Command  
  85  7:16  SCV  
  81  7:27  SCV  
  81  7:28  SCV  
  83  7:36  Refinery  
  83  7:41  SCV x2  
  83  7:43  Thor, SCV  
  92  7:44  Factory Tech Lab  
  92  7:53  SCV x2  
  92  7:55  SCV, Supply Depot  
  92  7:57  Supply Depot, Orbital Command  
  95  7:58  Supply Depot  
  95  8:00  Supply Depot  
  95  8:02  Orbital Command  
  95  8:05  SCV  
  96  8:17  Thor  
  102  8:36  SCV x3  
  102  8:37  SCV  
  102  8:39  Refinery  
  106  8:45  Thor  
  106  8:46  Thor x2  
  124  8:48  SCV x2  
  124  8:51  Supply Depot  
  124  8:54  Terran Vehicle And Ship Armor Level 1  
  126  9:00  Thor  
  132  9:12  SCV x3  
  135  9:24  SCV x3  
  135  9:28  Factory x2  
  135  9:29  Factory x2  
  135  9:30  Orbital Command  
  138  9:36  SCV x2  
  127  9:39  Factory  
  127  9:59  SCV x3  
  130  10:00  SCV  
  130  10:05  Refinery  
  130  10:06  Refinery, Thor  
  137  10:09  Hellbat  
  137  10:11  SCV  
  140  10:15  Factory Tech Lab x2  
  140  10:16  Factory Tech Lab  
  140  10:17  Factory Tech Lab  
  140  10:25  Factory Tech Lab  
  140  10:31  Factory  
  140  10:33  Factory  
  140  10:38  Supply Depot x2  
  140  10:40  Supply Depot  
  140  10:44  Supply Depot  
  140  10:59  Thor  
  140  11:00  Hellbat x2, SCV x4  
  154  11:06  Command Center  
  154  11:08  Thor, Hellbat  
  154  11:09  Thor  
  154  11:10  Command Center  
  168  11:22  Hellbat  
  170  11:28  Refinery  
  170  11:42  Refinery  
  170  11:47  Supply Depot  
  170  11:49  Supply Depot  
  170  11:51  Supply Depot  
  170  11:52  Supply Depot  
  170  11:53  Supply Depot x2  
  170  11:54  Supply Depot x2  
  170  11:55  Supply Depot x2  
  170  11:56  Hellbat  
  170  11:59  Factory Tech Lab x2  
  172  12:08  Thor  
  172  12:09  Hellbat  
  172  12:10  Thor  
  172  12:11  Hellbat  
  172  12:12  Thor  
  172  12:14  Thor  
  200  12:20  Refinery  
  200  12:27  Missile Turret  
  198  12:30  Hellbat  
  187  12:52  Hellion  
  187  12:53  Missile Turret  
  187  12:56  Hellion  
  187  12:57  Hellion  
  111  13:34  Missile Turret  
  111  13:36  Hellion x2  
  111  13:37  Hellion  
  107  13:43  Thor x5  
  107  13:44  Thor  
  137  13:55  Missile Turret  
  137  14:02  Missile Turret  
  135  14:04  Missile Turret  
  135  14:05  Missile Turret x2  
  135  14:16  Missile Turret  
  135  14:25  Thor x4  
  135  14:26  Thor x3  
  177  14:38  Missile Turret  
  177  14:45  Orbital Command  
  139  15:23  Thor x3  
  139  15:25  Hellbat  
  139  15:26  Hellbat x6  
  147  15:47  Hellbat x6  
  147  15:48  Hellbat  
  155  16:06  Factory, Hellbat  
  155  16:07  Hellbat x2  
  155  16:08  Factory, Hellbat  
  155  16:09  Hellbat x6  
  175  16:13  SCV  
  175  16:14  SCV x3  
  175  16:15  Orbital Command  
  175  16:20  Command Center  
  144  16:25  SCV  
  144  16:26  SCV x3  
  144  16:27  Hellbat  
  144  16:28  Hellbat x2  
  131  16:36  Refinery, Command Center  
  131  16:37  SCV  
  131  16:38  SCV  
  131  16:39  Refinery, Thor x3  
  147  16:51  Factory Tech Lab  
  147  16:52  Factory Tech Lab  
  141  16:54  Factory  
  118  17:12  Thor  
  79  17:52  Thor x2  
  78  18:06  Refinery  
Tags
 
Composition
Mech
League
Gold
Matchup
TvT
Race
Terran
Replay Pack
Vicster replay
Spawn Locations
Cross Positions
Add a new tag
Caveats
  • Supply blocks, unpowered buildings, or Contaminate may cause inaccurate times.
  • Supply counts are checked every 10 seconds.